 Dungeon Crawl Stone Soup version 0.31.0-9-g3a7656b989 (webtiles) character file.

Game seed: 3104765977133757411

55541 qw the Spry (level 14, -1/124 HPs)
             Began as a Demigod Hunter on Feb 2, 2024.
             Killed from afar by a hell hound (22 damage)
             ... with a blast of flame
             ... on level 5 of the Lair of Beasts.
             The game lasted 00:02:52 (16943 turns).

qw the Spry (Demigod Hunter)                       Turns: 16943, Time: 00:02:52

Health: -1/124     AC: 10    Str: 22    XL:     14   Next: 5%
Magic:  17/17      EV: 40    Int:  6    God:
Gold:   1875       SH:  0    Dex: 42    Spells: 13/13 levels left

rFire   . . .        r - +7 sling of Widgh {drain, ^Contam rPois Str+4 Dex+3}
rCold   + . .        (no shield)
rNeg    + . .        s - +2 leather armour {rC+}
rPois   +            c - +0 helmet
rElec   .            (no cloak)
rCorr   .            n - +1 pair of gloves {Str+3}
SInv    .            e - +0 pair of boots
Will    +....        (no amulet)
Stlth   ++++         z - ring "Loep" {rN+ Str+3 Int-5 Dex+6 Stlth+}
HPRegen 0.40/turn    k - +5 ring of evasion
MPRegen 0.15/turn

%: no passive effects
@: about to teleport
A: high MP 1, forlorn, divine attributes
a: no special abilities


You were on level 5 of the Lair of Beasts.
You visited 2 branches of the dungeon, and saw 16 of its levels.
You also visited: Sewer.

You collected 1932 gold pieces.
You spent 57 gold pieces at shops.


Innate Abilities, Weirdness & Mutations

You have an increased reservoir of magic. (+10% MP)
You shall have no god before yourself.
Your divine heritage dramatically boosts your attributes as you level up.


   Skills:
 + Level 11.5 Fighting
 - Level 14.0 Ranged Weapons
 - Level 5.0 Armour
 - Level 15.0 Dodging
 - Level 0.8 Stealth


You had 13 spell levels left.
You didn't know any spells.
Your spell library was empty.

Inventory:

Hand Weapons
 d - a +0 arbalest
 r - the +7 sling of Widgh (weapon) {drain, ^Contam rPois Str+4 Dex+3}
   (You found it on level 7 of the Dungeon)

   Str+4:     It affects your strength (+4).
   Dex+3:     It affects your dexterity (+3).
   rPois:     It protects you from poison ^Contam: It causes magical
   contamination when unequipped.
Armour
 c - a +0 helmet (worn)
 e - a +0 pair of boots (worn)
 i - a +0 troll leather armour
 n - a +1 pair of gloves of strength (worn)
 s - a +2 leather armour of cold resistance (worn)
Jewellery
 k - a +5 ring of evasion (right hand)
 z - the ring "Loep" (left hand) {rN+ Str+3 Int-5 Dex+6 Stlth+}
   (You found it on level 11 of the Dungeon)

   [ring of dexterity]

   Str+3:     It affects your strength (+3).
   Int-5:     It affects your intelligence (-5).
   Dex+6:     It affects your dexterity (+6).
   rN+:       It protects you from negative energy.
   Stlth+:    It makes you more stealthy.
 Y - a ring of protection from fire
Wands
 f - a wand of digging (13)
 l - a wand of iceblast (10)
 m - a wand of quicksilver (9)
 w - a wand of polymorph (5)
 x - a wand of mindburst (17)
Scrolls
 g - 5 scrolls of identify
 p - 10 scrolls of teleportation
 v - 3 scrolls of enchant weapon
 A - a scroll of brand weapon
Potions
 a - a potion of enlightenment
 b - 6 potions of might
 h - 3 potions of mutation
 j - 4 potions of curing
 o - a potion of cancellation {unknown}
 q - 2 potions of heal wounds
 t - a potion of lignification {unknown}

Dungeon Overview and Level Annotations

Branches:
Dungeon (11/15)            Temple (0/1) D:6            Lair (5/5) D:11
 Shoals (0/4) Lair:2        Snake (0/4) Lair:2        Slime (0/5) Lair:4
    Orc (0/2) D:11          Sewer (visited)

Shops:
D:1 (   D:5 *   D:8 (

Portals:
Abyss: Lair:2

Annotations:
D:4 1 runed translucent door, qw's ghost, amateur GrHu
D:8 1 runed translucent door, qw's ghost, novice DgHu
Lair:1 3 runed translucent doors, qw's ghost, journeyman DgHu
Lair:2 2 transporters, qw's ghost, journeyman DjHu


Message History

You kill the hell hound!
The hell hound completely misses you. x3
You shoot a sling bullet. The sling bullet hits the hell hound.
The hell hound is moderately wounded.
The hell hound completely misses you. The hell hound breathes flames at you.
The blast of flame misses you. The hell hound completely misses you.
You shoot a sling bullet.
The sling bullet hits the hell hound but does no damage.
The hell hound is moderately wounded.
The hell hound completely misses you. x3
You shoot a sling bullet.
The sling bullet barely misses the hell hound.
The sling bullet closely misses the wolf.
You hear a bark!
The hell hound misses you. The hell hound barely misses you.
The hell hound closely misses you.
You hear a bark!
You shoot a sling bullet. The sling bullet hits the hell hound.
The hell hound is moderately wounded.
The hell hound completely misses you. x3
You shoot a sling bullet. The sling bullet hits the hell hound.
The hell hound is heavily wounded.
The hell hound misses you.
The hell hound completely misses you. x2
You shoot a sling bullet.
The sling bullet closely misses the hell hound.
The sling bullet hits the hell hound.
The hell hound is lightly wounded.
The hell hound completely misses you. The hell hound breathes flames at you.
The blast of flame hits you! The hell hound completely misses you.
The hell hound breathes flames at you. The blast of flame hits you!
16943 ||| READING 11 scrolls of teleportation.
As you read the scroll of teleportation, it crumbles to dust.
You feel strangely unstable. The hell hound breathes flames at you.
The blast of flame hits the hell hound.
The hell hound completely resists.
The blast of flame hits you!!
You die... #hh####%.####### #........... hh#

#..#
##..........
.. #...
#...P...... h
##...
#.#P.#..##.
##...
#.##..####.
##. #######
#. .# #####.
########.#
###.....
##hh#@#...#
#.......
#.#.hhhhhh..#
#.......
#..!hhh...##
##......
............#
#.#..#.
....##....###
####.## ...
##.#.# ####
.. ##### #


You could see 5 hell hounds and 4 wolves.

Vanquished Creatures
  Rupert (Lair:3)
  Gastronok (Lair:1)
  Josephine (Lair:3)
  A yaktaur captain (D:10)
  Erolcha (D:11)
  A catoblepas (Lair:3)
  3 hydras
  A two-headed ogre (D:10)
  Erica (D:8)
  4 boulder beetles
  A death yak (Lair:3)
  2 occultists (D:10)
  A skeletal warrior (D:11)
  2 necromancers (D:11)
  An orc knight (D:10)
  A deep elf pyromancer (D:10)
  2 oklob plants (Lair:4)
  An ugly thing (D:10)
  A manticore (D:11)
  A cyclops (D:10)
  2 elephants (Lair:3)
  A meliai (shapeshifter) (D:10)
  9 black mambas
  Joseph (D:8)
  A centaur zombie (D:11)
  A torpor snail (Lair:3)
  7 cane toads
  2 rime drakes (Lair:4)
  An unseen horror (D:11)
  6 komodo dragons
  Jeremiah (D:9)
  A queen bee (shapeshifter) (D:10)
  A queen bee (Lair:3)
  5 trolls
  A hornet (D:10)
  Prince Ribbit (D:8)
  A snapping turtle (Lair:2)
  5 dream sheep (Lair:5)
  2 polar bears
  17 blink frogs
  5 meliai zombies (D:11)
  7 vampires
  Sigmund (D:2)
  A slime creature (D:10)
  A shadow (D:11)
  9 wyverns
  A water elemental (Lair:2)
  11 wraiths
  40 yaks
  Grum (D:8)
  5 basilisks
  A warg (Lair:5)
  A steam dragon (Lair:2)
  2 hell hounds (Lair:5)
  19 water moccasins
  3 orc warriors
  5 black bears
  3 ice beasts
  A black bear (shapeshifter) (D:11)
  A sky beast (D:8)
  2 ogres (D:6)
  15 wolves
  5 centaurs
  6 phantoms
  A kobold brigand (D:6)
  12 bullfrogs
  7 scorpions
  27 wights
  44 killer bees
  7 howler monkeys
  4 bombardier beetles
  3 jellies (D:2)
  A hound (D:6)
  An orc priest (D:9)
  A gnoll bouda (D:8)
  5 iguanas
  3 sleepcaps
  Terence (D:3)
  3 orc wizards
  A hell rat (Sewer)
  Robin (D:2)
  6 gnolls
  7 adders
  2 river rats (Sewer)
  2 shadow imps (D:6)
  2 ufetubi (D:6)
  2 ribbon worms (D:5)
  A dart slug (D:1)
  14 orcs
  7 ball pythons
  13 endoplasms
  5 giant cockroaches
  11 hobgoblins
  10 jackals
  A quokka (D:3)
  4 bats
  2 frilled lizards (D:2)
  7 goblins
  19 kobolds
  5 rats
482 creatures vanquished.

Notes
Turn   | Place    | Note
-------+----------+-------------------------------------------
     0 | D:1      | qw the Demigod Hunter began the quest for the Orb.
     0 | D:1      | Reached XP level 1. HP: 17/17 MP: 3/3
     0 | D:1      | 0 ||| qw: Version: 0.3-a-155-g5e7d8dd
     0 | D:1      | 0 ||| qw: Game counter: 389
     0 | D:1      | 0 ||| qw: Melee chars always use a shield: true
     0 | D:1      | 0 ||| qw: God list: Okawaru
     0 | D:1      | 0 ||| qw: Allow faded altars: false
     0 | D:1      | 0 ||| qw: Do Orc after clearing Dungeon:15 true
     0 | D:1      | 0 ||| qw: Do second Lair branch before Depths: true
     0 | D:1      | 0 ||| qw: Lair rune preference: random
     0 | D:1      | 0 ||| qw: Goals: Normal
     0 | D:1      | 0 ||| PLANNING D:1-11
   234 | D:1      | Found Beschite's Antique Weapon Emporium.
   383 | D:1      | Reached XP level 2. HP: 24/24 MP: 4/4
   802 | D:1      | 802 ||| UPGRADING to +0 ring mail.
   812 | D:1      | 812 ||| DROPPING +0 leather armour.
   813 | D:1      | 813 ||| UPGRADING to ring of poison resistance.
   814 | D:1      | 814 ||| READING scroll labelled DELU ZAGGE.
   815 | D:1      | 815 ||| READING scroll labelled ZALLIOCA FIGHI.
   816 | D:1      | 816 ||| READING scroll labelled ICEVIL HUNUW.
   817 | D:1      | 817 ||| READING scroll labelled ULAINYM FISH.
   818 | D:1      | 818 ||| DROPPING scroll of butterflies.
   987 | D:2      | Noticed Robin
   990 | D:2      | 990 ||| RETREEEEATING.
   997 | D:2      | HP: 5/24 [Robin/+0 club (4)]
   999 | D:2      | HP: 2/24 [Robin/+0 club (3)]
  1000 | D:2      | Killed Robin
  1001 | D:2      | Reached XP level 3. HP: 3/29 MP: 5/5
  1082 | D:2      | 1082 ||| FLEEEEING.
  1083 | D:2      | 1083 ||| FLEEEEING.
  1084 | D:2      | 1084 ||| FLEEEEING.
  1085 | D:2      | 1085 ||| FLEEEEING.
  1086 | D:2      | 1086 ||| FLEEEEING.
  1090 | D:2      | 1090 ||| FLEEEEING.
  1091 | D:2      | 1091 ||| FLEEEEING.
  1092 | D:2      | 1092 ||| FLEEEEING.
  1093 | D:2      | 1093 ||| FLEEEEING.
  1094 | D:2      | 1094 ||| FLEEEEING.
  1095 | D:2      | 1095 ||| FLEEEEING.
  1096 | D:2      | 1096 ||| FLEEEEING.
  1097 | D:2      | 1097 ||| FLEEEEING.
  1220 | D:2      | Noticed Sigmund
  1222 | D:2      | 1222 ||| DRINKING bubbling grey potion.
  1227 | D:2      | Killed Sigmund
  1228 | D:2      | Reached skill level 6 in Ranged Weapons
  1228 | D:2      | Reached XP level 4. HP: 32/36 MP: 6/6
  1228 | D:2      | Reached XP level 5. HP: 37/41 MP: 7/7
  1380 | D:2      | Reached skill level 2 in Dodging
  1387 | D:2      | Reached skill level 1 in Armour
  1476 | D:2      | Reached XP level 6. HP: 50/50 MP: 8/8
  1776 | D:2      | 1776 ||| UPGRADING to +0 helmet.
  1781 | D:2      | 1781 ||| READING 2 scrolls labelled AWAUN ATIDWUKOX.
  1781 | D:2      | 1781 ||| IDENTIFYING smoky coppery potion
  1782 | D:2      | 1782 ||| READING scroll of identify.
  1782 | D:2      | 1782 ||| IDENTIFYING pink potion
  1783 | D:2      | 1783 ||| READING scroll labelled WEPREN FOMIP.
  1884 | D:2      | 1884 ||| READING scroll labelled MEZXIMO ITULO.
  1888 | D:2      | 1888 ||| READING 3 scrolls labelled DUXKEB FIHU.
  1889 | D:2      | 1889 ||| READING 2 scrolls labelled GEORHUNNOJE.
  1975 | D:2      | 1975 ||| DROPPING 2 scrolls of poison.
  1976 | D:2      | 1976 ||| DROPPING potion of ambrosia.
  1977 | D:2      | 1977 ||| DROPPING scroll of torment.
  2117 | D:3      | Reached skill level 3 in Fighting
  2215 | D:3      | Noticed Terence
  2224 | D:3      | Killed Terence
  2811 | D:4      | Reached skill level 3 in Dodging
  2932 | D:4      | 2932 ||| DRINKING 3 potions of curing.
  2932 | D:4      | 2932 ||| (to cure confusion)
  2933 | D:4      | 2933 ||| FLEEEEING.
  2934 | D:4      | 2934 ||| FLEEEEING.
  2935 | D:4      | 2935 ||| DRINKING 2 potions of curing.
  2935 | D:4      | 2935 ||| (to cure confusion)
  3176 | D:4      | Found a runed translucent door.
  3179 | D:4      | Noticed qw's ghost (amateur GrHu)
  3199 | D:4      | 3199 ||| DRINKING 2 fizzy cyan potions.
  3200 | D:4      | 3200 ||| DROPPING potion of brilliance.
  3245 | D:5      | Entered Level 5 of the Dungeon
  3246 | D:5      | 3246 ||| PLANNING SEWER
  3364 | D:5      | Noticed a troll
  3365 | D:5      | 3365 ||| ZAPPING wand of quicksilver (11) at 7,-5 (troll;
                  | floor).
  3366 | D:5      | 3366 ||| ZAPPING wand of quicksilver (10) at 6,-4 (troll;
                  | floor).
  3367 | D:5      | 3367 ||| ZAPPING wand of quicksilver (9) at 5,-4 (troll;
                  | floor).
  3368 | D:5      | 3368 ||| ZAPPING wand of quicksilver (8) at 4,-3 (troll;
                  | floor).
  3368 | D:5      | Killed a troll
  3369 | D:5      | Reached XP level 7. HP: 57/57 MP: 9/9
  3402 | D:5      | Found Aggi's CLEARANCE SALE!.
  3411 | D:5      | 3411 ||| BUYING +0 pair of gloves of strength (57 gold).
  3411 | D:5      | Bought a +0 pair of gloves of strength for 57 gold pieces
  3691 | D:5      | Found a glowing drain.
  3692 | D:5      | 3692 ||| UPGRADING to +0 pair of gloves of strength.
  3697 | D:5      | 3697 ||| DROPPING ring of poison resistance.
  3698 | D:5      | 3698 ||| UPGRADING to +5 ring of evasion.
  3699 | D:5      | 3699 ||| READING scroll labelled IHOLYDDIFUQ.
  3763 | Sewer    | Entered a sewer
  3826 | Sewer    | 3826 ||| READING scroll labelled XUGUT CA DOTOR.
  3826 | Sewer    | 3826 ||| ENCHANTING +0 shortbow.
  3827 | Sewer    | 3827 ||| DRINKING 2 sapphire potions.
  3828 | Sewer    | 3828 ||| DRINKING 3 fuming white potions.
  3829 | Sewer    | 3829 ||| DROPPING potion of magic.
  3841 | D:5      | 3841 ||| PLANNING D:1-11
  4218 | D:6      | Reached XP level 8. HP: 66/66 MP: 10/10
  4222 | D:6      | Reached skill level 4 in Dodging
  4231 | D:6      | 4231 ||| RETREEEEATING.
  4232 | D:6      | 4232 ||| RETREEEEATING.
  4233 | D:6      | 4233 ||| RETREEEEATING.
  4236 | D:6      | 4236 ||| RETREEEEATING.
  4429 | D:6      | HP: 15/65 [wight/+2 morningstar (12)]
  4430 | D:6      | 4430 ||| READING 2 scrolls of teleportation.
  4431 | D:6      | 4431 ||| DRINKING 2 potions of heal wounds.
  4433 | D:6      | HP: 7/61 [wight/+0 morningstar (12)]
  4433 | D:6      | HP: 3/59 [wight/+5 hand axe (2)]
  4434 | D:6      | 4434 ||| DRINKING potion of heal wounds.
  4448 | D:6      | HP: 14/63 [sky beast (4)]
  4449 | D:6      | 4449 ||| READING scroll of teleportation.
  4650 | D:6      | Found a staircase to the Ecumenical Temple.
  4662 | D:6      | Reached skill level 9 in Ranged Weapons
  4980 | D:6      | 4980 ||| RETREEEEATING.
  5070 | D:6      | 5070 ||| RETREEEEATING.
  5071 | D:6      | 5071 ||| RETREEEEATING.
  5072 | D:6      | 5072 ||| RETREEEEATING.
  5073 | D:6      | 5073 ||| RETREEEEATING.
  5166 | D:6      | Reached XP level 9. HP: 54/74 MP: 11/11
  5347 | D:6      | 5347 ||| READING scroll labelled WAGHEH XOPTO.
  5348 | D:6      | 5348 ||| DRINKING 3 metallic white potions.
  5349 | D:6      | 5349 ||| DROPPING wand of flame (10).
  5429 | D:7      | Reached skill level 5 in Dodging
  5827 | D:7      | Identified the +7 sling of Widgh {drain, ^Contam rPois
                  | Str+4 Dex+3}
  5829 | D:7      | 5829 ||| SWAPPING to +7 sling of Widgh {drain, ^Contam
                  | rPois Str+4 Dex+3}.
  5830 | D:7      | 5830 ||| REMOVING ring of poison resistance.
  5831 | D:7      | 5831 ||| DROPPING +1 shortbow.
  6175 | D:7      | 6175 ||| UPGRADING to +2 ring mail of positive energy.
  6185 | D:7      | 6185 ||| DROPPING +0 ring mail.
  6186 | D:7      | 6186 ||| READING 2 scrolls of identify.
  6186 | D:7      | 6186 ||| IDENTIFYING dark potion
  6431 | D:8      | Noticed Prince Ribbit
  6434 | D:8      | Killed Prince Ribbit
  6435 | D:8      | Reached skill level 6 in Dodging
  6476 | D:8      | 6476 ||| RETREEEEATING.
  6477 | D:8      | 6477 ||| RETREEEEATING.
  6478 | D:8      | 6478 ||| RETREEEEATING.
  6569 | D:8      | 6569 ||| RETREEEEATING.
  6574 | D:8      | 6574 ||| RETREEEEATING.
  6578 | D:8      | Reached skill level 6 in Fighting
  6632 | D:8      | Noticed Joseph
  6633 | D:8      | 6633 ||| DRINKING 2 potions of haste.
  6641 | D:8      | Killed Joseph
  6704 | D:8      | Noticed Grum
  6712 | D:8      | 6712 ||| RETREEEEATING.
  6713 | D:8      | 6713 ||| RETREEEEATING.
  6714 | D:8      | Killed Grum
  6716 | D:8      | 6716 ||| RETREEEEATING.
  6717 | D:8      | 6717 ||| RETREEEEATING.
  6718 | D:8      | 6718 ||| RETREEEEATING.
  6719 | D:8      | 6719 ||| RETREEEEATING.
  6720 | D:8      | 6720 ||| RETREEEEATING.
  6721 | D:8      | 6721 ||| RETREEEEATING.
  6722 | D:8      | 6722 ||| RETREEEEATING.
  6723 | D:8      | 6723 ||| RETREEEEATING.
  6851 | D:8      | 6851 ||| RETREEEEATING.
  6853 | D:8      | 6853 ||| RETREEEEATING.
  6948 | D:8      | Reached XP level 10. HP: 77/83 MP: 13/13
  7048 | D:8      | Reached skill level 7 in Dodging
  7067 | D:8      | Found a runed translucent door.
  7072 | D:8      | Noticed qw's ghost (novice DgHu)
  7149 | D:8      | Found Zoxo Osh's Antique Weapon Shop.
  7204 | D:8      | Noticed Erica
  7205 | D:8      | 7205 ||| DRINKING 2 potions of haste.
  7206 | D:8      | 7206 ||| FLEEEEING.
  7207 | D:8      | 7207 ||| FLEEEEING.
  7222 | D:8      | Killed Erica
  7520 | D:8      | 7520 ||| UPGRADING to +2 leather armour of cold resistance.
  7530 | D:8      | 7530 ||| UPGRADING to ring of protection from fire.
  7531 | D:8      | 7531 ||| READING 2 scrolls of identify.
  7531 | D:8      | 7531 ||| IDENTIFYING puce potion
  7578 | D:9      | Noticed Jeremiah
  7601 | D:9      | 7601 ||| FLEEEEING.
  7602 | D:9      | 7602 ||| FLEEEEING.
  7603 | D:9      | 7603 ||| FLEEEEING.
  7605 | D:9      | 7605 ||| FLEEEEING.
  7606 | D:9      | 7606 ||| FLEEEEING.
  7616 | D:9      | Killed Jeremiah
  8400 | D:9      | 8400 ||| DROPPING ring of magical power.
  8409 | D:10     | Entered Level 10 of the Dungeon
  8422 | D:10     | 8422 ||| RETREEEEATING.
  8424 | D:10     | Reached skill level 8 in Dodging
  8456 | D:10     | Noticed a two-headed ogre
  8457 | D:10     | 8457 ||| DRINKING potion of haste.
  8465 | D:10     | Killed a two-headed ogre
  8466 | D:10     | 8466 ||| FLEEEEING.
  8467 | D:10     | 8467 ||| FLEEEEING.
  8468 | D:10     | 8468 ||| FLEEEEING.
  8469 | D:10     | 8469 ||| FLEEEEING.
  8470 | D:10     | 8470 ||| FLEEEEING.
  8471 | D:10     | 8471 ||| FLEEEEING.
  8472 | D:10     | 8472 ||| FLEEEEING.
  8473 | D:10     | 8473 ||| FLEEEEING.
  8482 | D:10     | 8482 ||| FLEEEEING.
  8483 | D:10     | 8483 ||| FLEEEEING.
  8484 | D:10     | 8484 ||| FLEEEEING.
  8485 | D:10     | 8485 ||| FLEEEEING.
  8486 | D:10     | 8486 ||| FLEEEEING.
  8488 | D:10     | 8488 ||| FLEEEEING.
  8489 | D:10     | 8489 ||| FLEEEEING.
  8490 | D:10     | 8490 ||| FLEEEEING.
  8491 | D:10     | 8491 ||| FLEEEEING.
  8492 | D:10     | 8492 ||| STAIRDANCE
  8533 | D:10     | 8533 ||| ZAPPING wand of quicksilver (12) at 1,0 (wraith;
                  | floor).
  8534 | D:10     | 8534 ||| ZAPPING wand of quicksilver (11) at 1,0 (wraith;
                  | floor).
  8535 | D:10     | 8535 ||| ZAPPING wand of quicksilver (10) at 1,0 (wraith;
                  | floor).
  8710 | D:10     | Reached skill level 12 in Ranged Weapons
  8944 | D:10     | Noticed a boulder beetle
  8945 | D:10     | 8945 ||| ZAPPING wand of paralysis (11) at -5,3 (boulder
                  | beetle; floor).
  8946 | D:10     | 8946 ||| ZAPPING wand of paralysis (10) at -4,3 (boulder
                  | beetle; floor).
  8947 | D:10     | Noticed a boulder beetle
  8948 | D:10     | 8948 ||| ZAPPING wand of paralysis (9) at -7,6 (boulder
                  | beetle; floor).
  8949 | D:10     | 8949 ||| ZAPPING wand of paralysis (8) at -7,5 (boulder
                  | beetle; floor).
  8950 | D:10     | 8950 ||| ZAPPING wand of paralysis (7) at -6,5 (boulder
                  | beetle; floor).
  8951 | D:10     | 8951 ||| ZAPPING wand of paralysis (6) at -4,5 (boulder
                  | beetle; floor).
  8952 | D:10     | 8952 ||| ZAPPING wand of paralysis (5) at -3,4 (boulder
                  | beetle; floor).
  8953 | D:10     | 8953 ||| ZAPPING wand of paralysis (4) at -3,3 (boulder
                  | beetle; floor).
  8954 | D:10     | 8954 ||| ZAPPING wand of paralysis (3) at -2,2 (boulder
                  | beetle; floor).
  8955 | D:10     | 8955 ||| ZAPPING wand of paralysis (2) at -2,2 (boulder
                  | beetle; floor).
  8956 | D:10     | 8956 ||| ZAPPING wand of paralysis (1) at -1,1 (boulder
                  | beetle; floor).
  8979 | D:10     | Killed a boulder beetle
  8990 | D:10     | Killed a boulder beetle
  8991 | D:10     | Reached XP level 11. HP: 41/92 MP: 14/14
  9167 | D:10     | 9167 ||| RETREEEEATING.
  9171 | D:10     | 9171 ||| DRINKING 3 potions of curing.
  9171 | D:10     | 9171 ||| (to cure confusion)
  9173 | D:10     | 9173 ||| RETREEEEATING.
  9174 | D:10     | 9174 ||| RETREEEEATING.
  9175 | D:10     | 9175 ||| RETREEEEATING.
  9176 | D:10     | 9176 ||| RETREEEEATING.
  9177 | D:10     | 9177 ||| RETREEEEATING.
  9178 | D:10     | 9178 ||| RETREEEEATING.
  9179 | D:10     | 9179 ||| RETREEEEATING.
  9180 | D:10     | 9180 ||| RETREEEEATING.
  9184 | D:10     | 9184 ||| RETREEEEATING.
  9373 | D:10     | Noticed a yaktaur captain
  9374 | D:10     | 9374 ||| RETREEEEATING.
  9376 | D:10     | 9376 ||| RETREEEEATING.
  9378 | D:10     | 9378 ||| RETREEEEATING.
  9388 | D:10     | Identified the +9 dagger "Kualel" {venom, Dex+3}
  9388 | D:10     | Noticed an occultist
  9392 | D:10     | 9392 ||| RETREEEEATING.
  9398 | D:10     | 9398 ||| RETREEEEATING.
  9400 | D:10     | 9400 ||| ZAPPING wand of quicksilver (13) at -3,0 (yaktaur
                  | captain; floor).
  9400 | D:10     | Killed a yaktaur captain
  9404 | D:10     | Killed an occultist
  9414 | D:10     | 9414 ||| FLEEEEING.
  9415 | D:10     | 9415 ||| FLEEEEING.
  9416 | D:10     | 9416 ||| FLEEEEING.
  9417 | D:10     | 9417 ||| FLEEEEING.
  9418 | D:10     | 9418 ||| FLEEEEING.
  9419 | D:10     | 9419 ||| FLEEEEING.
  9420 | D:10     | 9420 ||| FLEEEEING.
  9421 | D:10     | 9421 ||| FLEEEEING.
  9422 | D:10     | 9422 ||| FLEEEEING.
  9424 | D:10     | 9424 ||| FLEEEEING.
  9426 | D:10     | 9426 ||| FLEEEEING.
  9427 | D:10     | 9427 ||| STAIRDANCE
  9589 | D:9      | 9589 ||| DROPPING +2 ring mail of positive energy.
  9590 | D:9      | 9590 ||| READING 2 scrolls of identify.
  9590 | D:9      | 9590 ||| IDENTIFYING inky potion
  9591 | D:9      | 9591 ||| DROPPING potion of degeneration.
  9672 | D:10     | 9672 ||| DROPPING +0 orcbow.
  9731 | D:10     | Noticed an occultist
  9732 | D:10     | 9732 ||| ZAPPING wand of quicksilver (12) at 4,7
                  | (occultist; open_door).
  9733 | D:10     | Noticed an orc knight
  9739 | D:10     | Killed an occultist
  9740 | D:10     | Reached skill level 9 in Dodging
  9751 | D:10     | Killed an orc knight
  9751 | D:10     | Noticed a deep elf pyromancer
  9758 | D:10     | Killed a deep elf pyromancer
  9772 | D:10     | Identified the +2 dagger "Jeaqucha" {freeze, +Blink rF+
                  | Str+3}
 10060 | D:10     | 10060 ||| UPGRADING to +0 pair of boots.
 10065 | D:10     | 10065 ||| READING 2 scrolls of identify.
 10065 | D:10     | 10065 ||| IDENTIFYING scroll labelled QOSKOE FYILL
 10066 | D:10     | 10066 ||| DROPPING scroll of blinking.
 10083 | D:11     | 10083 ||| STAIRDANCE
 10143 | D:11     | 10143 ||| RETREEEEATING.
 10146 | D:11     | 10146 ||| RETREEEEATING.
 10147 | D:11     | 10147 ||| RETREEEEATING.
 10148 | D:11     | 10148 ||| RETREEEEATING.
 10149 | D:11     | 10149 ||| RETREEEEATING.
 10150 | D:11     | 10150 ||| RETREEEEATING.
 10151 | D:11     | 10151 ||| RETREEEEATING.
 10152 | D:11     | 10152 ||| RETREEEEATING.
 10153 | D:11     | 10153 ||| RETREEEEATING.
 10154 | D:11     | 10154 ||| RETREEEEATING.
 10155 | D:11     | 10155 ||| RETREEEEATING.
 10156 | D:11     | 10156 ||| RETREEEEATING.
 10158 | D:11     | 10158 ||| RETREEEEATING.
 10159 | D:11     | 10159 ||| RETREEEEATING.
 10160 | D:11     | 10160 ||| RETREEEEATING.
 10525 | D:11     | 10525 ||| RETREEEEATING.
 10527 | D:11     | 10527 ||| RETREEEEATING.
 10528 | D:11     | 10528 ||| RETREEEEATING.
 10529 | D:11     | 10529 ||| RETREEEEATING.
 10530 | D:11     | 10530 ||| RETREEEEATING.
 10531 | D:11     | 10531 ||| RETREEEEATING.
 10532 | D:11     | 10532 ||| RETREEEEATING.
 10559 | D:11     | HP: 19/94 [something (10)]
 10565 | D:11     | HP: 6/94 [something (8)]
 10629 | D:11     | 10629 ||| FLEEEEING.
 10630 | D:11     | 10630 ||| FLEEEEING.
 10631 | D:11     | 10631 ||| FLEEEEING.
 11294 | D:11     | Reached XP level 12. HP: 101/101 MP: 15/15
 11393 | D:11     | 11393 ||| RETREEEEATING.
 11398 | D:11     | 11398 ||| RETREEEEATING.
 11399 | D:11     | 11399 ||| RETREEEEATING.
 11407 | D:11     | Reached skill level 10 in Dodging
 11417 | D:11     | 11417 ||| RETREEEEATING.
 11422 | D:11     | 11422 ||| RETREEEEATING.
 11425 | D:11     | 11425 ||| RETREEEEATING.
 11429 | D:11     | 11429 ||| DRINKING potion of haste.
 11469 | D:11     | Reached skill level 9 in Fighting
 11521 | D:11     | 11521 ||| RETREEEEATING.
 11522 | D:11     | 11522 ||| RETREEEEATING.
 11523 | D:11     | 11523 ||| RETREEEEATING.
 11699 | D:11     | Identified the ring "Loep" {rN+ Str+3 Int-5 Dex+6 Stlth+}
 11706 | D:11     | Identified the staff of Hell's Wrath {Conj Ice}
 11877 | D:11     | Noticed Erolcha
 11884 | D:11     | Killed Erolcha
 11923 | D:11     | Found a staircase to the Orcish Mines.
 11940 | D:11     | Reached skill level 11 in Dodging
 12089 | D:11     | 12089 ||| Stepping randomly (disturbance).
 12090 | D:11     | 12090 ||| Stepping randomly (disturbance).
 12104 | D:11     | 12104 ||| Stepping randomly (disturbance).
 12105 | D:11     | 12105 ||| Stepping randomly (disturbance).
 12106 | D:11     | 12106 ||| Stepping randomly (disturbance).
 12107 | D:11     | 12107 ||| DROPPING scarf of shadows.
 12108 | D:11     | 12108 ||| Stepping randomly (disturbance).
 12109 | D:11     | 12109 ||| Stepping randomly (disturbance).
 12128 | D:11     | 12128 ||| DROPPING ring of poison resistance.
 12129 | D:11     | 12129 ||| Stepping randomly (disturbance).
 12453 | D:11     | Found a staircase to the Lair.
 12461 | D:11     | 12461 ||| PLANNING LAIR
 12461 | D:11     | 12461 ||| DROPPING ring of fire.
 12462 | D:11     | 12462 ||| DROPPING ring of resist corrosion.
 12463 | D:11     | 12463 ||| UPGRADING to ring "Loep" {rN+ Str+3 Int-5 Dex+6
                  | Stlth+}.
 12465 | D:11     | 12465 ||| READING 2 scrolls of identify.
 12465 | D:11     | 12465 ||| IDENTIFYING viscous white potion
 12466 | D:11     | 12466 ||| READING scroll of identify.
 12466 | D:11     | 12466 ||| IDENTIFYING scroll labelled UNUMOU COESCHO
 12467 | D:11     | 12467 ||| DROPPING potion of berserk rage.
 12470 | Lair:1   | Entered Level 1 of the Lair of Beasts
 12674 | Lair:1   | Noticed Gastronok
 12682 | Lair:1   | 12682 ||| ZAPPING wand of quicksilver (11) at 3,-1
                  | (Gastronok; floor).
 12683 | Lair:1   | 12683 ||| ZAPPING wand of quicksilver (10) at 2,-1
                  | (Gastronok; floor).
 12684 | Lair:1   | 12684 ||| ZAPPING wand of quicksilver (9) at 2,-1
                  | (Gastronok; floor).
 12685 | Lair:1   | 12685 ||| ZAPPING wand of quicksilver (8) at 2,-1
                  | (Gastronok; floor).
 12685 | Lair:1   | Killed Gastronok
 12880 | Lair:1   | 12880 ||| RETREEEEATING.
 13186 | Lair:1   | Noticed qw's ghost (journeyman DgHu)
 13207 | Lair:1   | Reached skill level 12 in Dodging
 13223 | Lair:1   | Found a runed translucent gate.
 13223 | Lair:1   | Found a runed translucent gate.
 13223 | Lair:1   | Found a runed translucent gate.
 13598 | Lair:2   | Found a one-way gate to the infinite horrors of the Abyss.
 13598 | Lair:2   | Noticed qw's ghost (journeyman DjHu)
 13660 | Lair:2   | Noticed a seven-headed hydra
 13666 | Lair:2   | Killed a seven-headed hydra
 13742 | Lair:2   | Reached XP level 13. HP: 113/113 MP: 16/16
 13750 | Lair:2   | Found a staircase to the Snake Pit.
 13815 | Lair:2   | 13815 ||| RETREEEEATING.
 13824 | Lair:2   | 13824 ||| RETREEEEATING.
 13825 | Lair:2   | 13825 ||| RETREEEEATING.
 13826 | Lair:2   | 13826 ||| RETREEEEATING.
 13827 | Lair:2   | 13827 ||| RETREEEEATING.
 13856 | Lair:2   | Found a transporter.
 13882 | Lair:2   | Found a transporter.
 14157 | Lair:2   | Reached skill level 13 in Dodging
 14285 | Lair:2   | Found a staircase to the Shoals.
 14382 | Lair:3   | 14382 ||| Stepping ~*~*~tactically~*~*~ (cloud).
 14397 | Lair:3   | 14397 ||| FLEEEEING.
 14398 | Lair:3   | 14398 ||| FLEEEEING.
 14399 | Lair:3   | 14399 ||| FLEEEEING.
 14400 | Lair:3   | 14400 ||| FLEEEEING.
 14401 | Lair:3   | 14401 ||| FLEEEEING.
 14402 | Lair:3   | 14402 ||| FLEEEEING.
 14403 | Lair:3   | 14403 ||| FLEEEEING.
 14404 | Lair:3   | 14404 ||| FLEEEEING.
 14405 | Lair:3   | 14405 ||| FLEEEEING.
 14406 | Lair:3   | 14406 ||| FLEEEEING.
 14407 | Lair:3   | 14407 ||| FLEEEEING.
 14408 | Lair:3   | 14408 ||| FLEEEEING.
 14409 | Lair:3   | 14409 ||| FLEEEEING.
 14410 | Lair:3   | 14410 ||| FLEEEEING.
 14411 | Lair:3   | 14411 ||| FLEEEEING.
 14412 | Lair:3   | 14412 ||| FLEEEEING.
 14413 | Lair:3   | 14413 ||| STAIRDANCE
 14459 | Lair:3   | 14459 ||| DRINKING potion of haste.
 14482 | Lair:3   | 14482 ||| STAIRDANCE
 14676 | Lair:3   | Noticed Rupert
 14699 | Lair:3   | Killed Rupert
 14700 | Lair:3   | Reached skill level 14 in Dodging
 14872 | Lair:3   | Noticed Josephine
 14875 | Lair:3   | 14875 ||| RETREEEEATING.
 14876 | Lair:3   | 14876 ||| RETREEEEATING.
 14877 | Lair:3   | 14877 ||| RETREEEEATING.
 14878 | Lair:3   | 14878 ||| RETREEEEATING.
 14879 | Lair:3   | 14879 ||| RETREEEEATING.
 14880 | Lair:3   | 14880 ||| RETREEEEATING.
 14881 | Lair:3   | 14881 ||| RETREEEEATING.
 14882 | Lair:3   | 14882 ||| RETREEEEATING.
 14884 | Lair:3   | 14884 ||| RETREEEEATING.
 14885 | Lair:3   | 14885 ||| RETREEEEATING.
 14886 | Lair:3   | 14886 ||| RETREEEEATING.
 14887 | Lair:3   | 14887 ||| RETREEEEATING.
 14889 | Lair:3   | 14889 ||| RETREEEEATING.
 14901 | Lair:3   | Killed Josephine
 14903 | Lair:3   | 14903 ||| RETREEEEATING.
 14904 | Lair:3   | 14904 ||| RETREEEEATING.
 14905 | Lair:3   | 14905 ||| RETREEEEATING.
 14906 | Lair:3   | 14906 ||| RETREEEEATING.
 14907 | Lair:3   | 14907 ||| RETREEEEATING.
 14908 | Lair:3   | 14908 ||| RETREEEEATING.
 14909 | Lair:3   | 14909 ||| RETREEEEATING.
 15058 | Lair:3   | 15058 ||| RETREEEEATING.
 15070 | Lair:3   | 15070 ||| ZAPPING wand of quicksilver (15) at -1,-2 (killer
                  | bee; floor).
 15080 | Lair:3   | 15080 ||| ZAPPING wand of quicksilver (14) at -1,-4 (killer
                  | bee; floor).
 15081 | Lair:3   | 15081 ||| ZAPPING wand of quicksilver (13) at 0,-4 (killer
                  | bee; floor).
 15224 | Lair:3   | 15224 ||| DROPPING +1 hat.
 15225 | Lair:3   | 15225 ||| READING 5 scrolls of identify.
 15225 | Lair:3   | 15225 ||| IDENTIFYING scroll labelled IVVIETZETE
 15226 | Lair:3   | 15226 ||| READING scroll of enchant armour.
 15226 | Lair:3   | 15226 ||| ENCHANTING +0 pair of gloves of strength.
 15264 | Lair:4   | 15264 ||| STAIRDANCE
 15274 | Lair:3   | 15274 ||| FLEEEEING.
 15275 | Lair:3   | 15275 ||| FLEEEEING.
 15279 | Lair:3   | 15279 ||| STAIRDANCE
 15335 | Lair:4   | 15335 ||| STAIRDANCE
 15350 | Lair:4   | 15350 ||| STAIRDANCE
 15355 | Lair:4   | 15355 ||| STAIRDANCE
 15363 | Lair:4   | 15363 ||| STAIRDANCE
 15369 | Lair:4   | 15369 ||| STAIRDANCE
 15393 | Lair:4   | 15393 ||| RETREEEEATING.
 15394 | Lair:4   | 15394 ||| RETREEEEATING.
 15396 | Lair:4   | 15396 ||| RETREEEEATING.
 15398 | Lair:4   | 15398 ||| RETREEEEATING.
 15470 | Lair:4   | 15470 ||| RETREEEEATING.
 15622 | Lair:4   | Found a staircase to the Slime Pits.
 16313 | Lair:4   | 16313 ||| READING 7 scrolls of identify.
 16313 | Lair:4   | 16313 ||| IDENTIFYING brown potion
 16314 | Lair:4   | 16314 ||| READING 6 scrolls of identify.
 16314 | Lair:4   | 16314 ||| IDENTIFYING scroll labelled ADUMIUFFOSK
 16314 | Lair:4   | Identified a scroll of acquirement
 16315 | Lair:4   | 16315 ||| READING scroll of acquirement.
 16315 | Lair:4   | 16315 ||| ACQUIRING 793 gold pieces
 16315 | Lair:4   | Acquired 793 gold pieces
 16317 | Lair:4   | 16317 ||| DROPPING potion of attraction.
 16339 | Lair:5   | Entered Level 5 of the Lair of Beasts
 16341 | Lair:5   | 16341 ||| STAIRDANCE
 16352 | Lair:5   | 16352 ||| RETREEEEATING.
 16361 | Lair:5   | 16361 ||| RETREEEEATING.
 16362 | Lair:5   | 16362 ||| RETREEEEATING.
 16363 | Lair:5   | 16363 ||| RETREEEEATING.
 16364 | Lair:5   | 16364 ||| RETREEEEATING.
 16370 | Lair:5   | 16370 ||| RETREEEEATING.
 16379 | Lair:5   | 16379 ||| FLEEEEING.
 16380 | Lair:5   | 16380 ||| FLEEEEING.
 16382 | Lair:5   | 16382 ||| RETREEEEATING.
 16386 | Lair:5   | 16386 ||| FLEEEEING.
 16387 | Lair:5   | 16387 ||| FLEEEEING.
 16388 | Lair:5   | 16388 ||| FLEEEEING.
 16389 | Lair:5   | 16389 ||| FLEEEEING.
 16390 | Lair:5   | 16390 ||| FLEEEEING.
 16391 | Lair:5   | 16391 ||| STAIRDANCE
 16496 | Lair:5   | 16496 ||| STAIRDANCE
 16520 | Lair:5   | 16520 ||| RETREEEEATING.
 16521 | Lair:5   | 16521 ||| RETREEEEATING.
 16522 | Lair:5   | 16522 ||| RETREEEEATING.
 16523 | Lair:5   | 16523 ||| RETREEEEATING.
 16524 | Lair:5   | 16524 ||| RETREEEEATING.
 16526 | Lair:5   | 16526 ||| RETREEEEATING.
 16537 | Lair:5   | Reached skill level 15 in Dodging
 16586 | Lair:5   | 16586 ||| RETREEEEATING.
 16588 | Lair:5   | 16588 ||| RETREEEEATING.
 16590 | Lair:5   | 16590 ||| RETREEEEATING.
 16591 | Lair:5   | 16591 ||| RETREEEEATING.
 16592 | Lair:5   | 16592 ||| RETREEEEATING.
 16593 | Lair:5   | 16593 ||| RETREEEEATING.
 16595 | Lair:5   | 16595 ||| RETREEEEATING.
 16596 | Lair:5   | 16596 ||| RETREEEEATING.
 16597 | Lair:5   | 16597 ||| RETREEEEATING.
 16598 | Lair:5   | 16598 ||| RETREEEEATING.
 16605 | Lair:5   | 16605 ||| RETREEEEATING.
 16606 | Lair:5   | 16606 ||| RETREEEEATING.
 16607 | Lair:5   | 16607 ||| RETREEEEATING.
 16608 | Lair:5   | 16608 ||| RETREEEEATING.
 16609 | Lair:5   | 16609 ||| RETREEEEATING.
 16610 | Lair:5   | 16610 ||| RETREEEEATING.
 16611 | Lair:5   | 16611 ||| RETREEEEATING.
 16614 | Lair:5   | 16614 ||| RETREEEEATING.
 16615 | Lair:5   | 16615 ||| RETREEEEATING.
 16616 | Lair:5   | 16616 ||| RETREEEEATING.
 16617 | Lair:5   | 16617 ||| RETREEEEATING.
 16618 | Lair:5   | 16618 ||| RETREEEEATING.
 16619 | Lair:5   | 16619 ||| RETREEEEATING.
 16620 | Lair:5   | 16620 ||| RETREEEEATING.
 16621 | Lair:5   | 16621 ||| RETREEEEATING.
 16622 | Lair:5   | 16622 ||| RETREEEEATING.
 16623 | Lair:5   | 16623 ||| RETREEEEATING.
 16624 | Lair:5   | 16624 ||| RETREEEEATING.
 16625 | Lair:5   | 16625 ||| RETREEEEATING.
 16695 | Lair:5   | 16695 ||| RETREEEEATING.
 16697 | Lair:5   | 16697 ||| RETREEEEATING.
 16709 | Lair:5   | Reached XP level 14. HP: 124/124 MP: 17/17
 16898 | Lair:5   | 16898 ||| ZAPPING wand of quicksilver (12) at -4,4 (hell
                  | hog; floor).
 16899 | Lair:5   | 16899 ||| ZAPPING wand of quicksilver (11) at -3,4 (hell
                  | hog; floor).
 16900 | Lair:5   | 16900 ||| RETREEEEATING.
 16904 | Lair:5   | 16904 ||| RETREEEEATING.
 16905 | Lair:5   | 16905 ||| RETREEEEATING.
 16906 | Lair:5   | 16906 ||| RETREEEEATING.
 16907 | Lair:5   | 16907 ||| RETREEEEATING.
 16908 | Lair:5   | 16908 ||| RETREEEEATING.
 16909 | Lair:5   | 16909 ||| RETREEEEATING.
 16910 | Lair:5   | 16910 ||| RETREEEEATING.
 16911 | Lair:5   | 16911 ||| RETREEEEATING.
 16912 | Lair:5   | 16912 ||| ZAPPING wand of quicksilver (10) at -5,-2 (black
                  | bear; floor).
 16915 | Lair:5   | HP: 7/124 [hell hog/fireball (41)]
 16916 | Lair:5   | 16916 ||| READING 12 scrolls of teleportation.
 16917 | Lair:5   | 16917 ||| DRINKING 6 potions of heal wounds.
 16918 | Lair:5   | 16918 ||| DRINKING 5 potions of heal wounds.
 16919 | Lair:5   | 16919 ||| DRINKING 4 potions of heal wounds.
 16920 | Lair:5   | 16920 ||| DRINKING 3 potions of heal wounds.
 16921 | Lair:5   | 16921 ||| RETREEEEATING.
 16922 | Lair:5   | 16922 ||| RETREEEEATING.
 16923 | Lair:5   | 16923 ||| RETREEEEATING.
 16924 | Lair:5   | 16924 ||| RETREEEEATING.
 16925 | Lair:5   | 16925 ||| RETREEEEATING.
 16926 | Lair:5   | 16926 ||| RETREEEEATING.
 16927 | Lair:5   | 16927 ||| RETREEEEATING.
 16942 | Lair:5   | HP: 29/124 [hell hound/blast of flame (9)]
 16943 | Lair:5   | 16943 ||| READING 11 scrolls of teleportation.
 16943 | Lair:5   | Killed from afar by a hell hound

Levels and vault maps discovered:
D:1:      dpeg_arrival_arbitrary_b, layout_rooms,
          shapermc_ecumenical_altar_acropolis, serial_shops, shop,
          nicolae_hexahallways
D:2:      cheibrodos_fertilizer, layout_loops_ring, basic_altar, uniq_sigmund,
          uniq_robin
D:3:      layout_basic, mainiacjoe_overflow_brackets,
          minmay_misc_feat_four_crosses, uniq_terence
D:4:      layout_rooms, ebering_ghost_sewer_d
D:5:      layout_loops_ring, minitemple, grunt_gozag_statues,
          cheibrodos_sewer_entry_drain, st_stairs_5, nicolae_shop_clearance
D:6:      minmay_chambers_of_threes, layout_loops_ring,
          minmay_temple_entry_arrows
D:7:      layout_loops_corners, nrook_mini_backslash, nicolae_water_bricks
D:8:      hellmonk_crumbling_castle, layout_gridville,
          ebering_ghost_reflecting_pool, serial_shops, shop,
          serial_bayou_pond_c, uniq_grum, uniq_prince_ribbit1, uniq_erica,
          uniq_joseph
D:9:      layout_basic, uniq_jeremiah
D:10:     layout_stronghold, nicolae_two_hexagons, nicolae_rejected_hall
D:11:     bobbens_index_wilting_gardens, layout_cave_pods, fedhas_altar_2,
          uniq_erolcha
Lair:1:   layout_cellular_growth, gammafunk_ghost_icy, beast_lair_carwin_6,
          uniq_gastronok
Lair:2:   layout_chaotic_city, minmay_shoals_entry_hut,
          minmay_snake_entry_six_corridors, gammafunk_ghost_abyssal_escape
Lair:3:   layout_gridlike, special_room [special_room_bee],
          hangedman_lair_generics_rect, uniq_rupert, uniq_josephine
Lair:4:   layout_gridlike, slime_entry_1, serial_bayou_pond_e,
          nicolae_quartered_pool_little, hangedman_tree_tricks,
          grunt_megastairs_3, serial_bayou_shore_b
Lair:5:   wormcave, layout_concentric_octagons,
          hangedman_lair_caniforms_friends, kilobyte_rumbling_trees

Skill      XL: |  1  2  3  4  5  6  7  8  9 10 11 12 13 |
---------------+----------------------------------------+-----
Ranged Weapons | 4 6 7 8 10 11 12 14 | 14.0
Fighting       | 2 3 4 5 6 7 8 10 11 | 11.5
Dodging        | 2 3 4 6 8 9 12 15 | 15.0
Armour         | 1 2 4 5 |  5.0
Stealth        | |  0.8

Action                     |  1- 3 |  4- 6 |  7- 9 | 10-12 | 13-15 || total
---------------------------+-------+-------+-------+-------+-------++-------
   Fire: Shortbow          |    83 |   205 |   320 |       |       ||   608
         Sling             |       |       |   134 |   829 |   591 ||  1554
  Evoke: Wand              |       |     4 |       |    20 |     6 ||    30
    Use: Scroll            |     4 |     6 |     6 |     5 |     7 ||    28
         Potion            |     1 |     3 |     6 |     4 |     5 ||    19
 Armour: Leather armour    |     7 |       |       |   169 |    60 ||   236
         Ring mail         |    28 |    76 |   116 |     3 |       ||   223
  Dodge: Dodged            |    31 |    75 |   280 |   421 |   358 ||  1165

Table legend:
 A = Non-vault XP
 B = Vault XP
 C = Vault XP percentage of total XP
 D = Non-vault monster count
 E = Vault monster count
 F = Vault count percentage of total count
                 A         B        C        D         E       F
            +---------+---------+-------+---------+---------+-------
      Total |   35768 |   43577 |  54.9 |     260 |     222 |  46.1
            +---------+---------+-------+---------+---------+-------
        D:1 |      28 |       0 |   0.0 |      15 |       0 |   0.0
        D:2 |      40 |     405 |  91.0 |      11 |      27 |  71.1
        D:3 |      29 |      36 |  55.4 |      16 |       1 |   5.9
        D:4 |     253 |       0 |   0.0 |      19 |       0 |   0.0
        D:5 |     626 |      59 |   8.6 |      11 |       5 |  31.2
        D:6 |    1199 |     809 |  40.3 |      26 |      12 |  31.6
        D:7 |     440 |       0 |   0.0 |       6 |       0 |   0.0
        D:8 |    1780 |    2210 |  55.4 |      28 |       8 |  22.2
        D:9 |     517 |     341 |  39.7 |      13 |       1 |   7.1
       D:10 |    2840 |    9919 |  77.7 |      13 |      26 |  66.7
       D:11 |    1501 |   12775 |  89.5 |       5 |      69 |  93.2
     Lair:1 |    3761 |    2636 |  41.2 |      15 |       8 |  34.8
     Lair:2 |    5985 |    2287 |  27.6 |      18 |      10 |  35.7
     Lair:3 |    4211 |    8944 |  68.0 |      15 |      34 |  69.4
     Lair:4 |    5692 |    1657 |  22.5 |      20 |       4 |  16.7
     Lair:5 |    6866 |    1436 |  17.3 |      29 |      11 |  27.5
      Sewer |       0 |      63 | 100.0 |       0 |       6 | 100.0
            +---------+---------+-------+---------+---------+-------
